 Dungeon Crawl Stone Soup version 0.19.1 (webtiles) character file.

5740 Yurafenix the Protected (level 10, -13/93 HPs)
             Began as a Minotaur Fighter on Dec 11, 2016.
             Was a Believer of Trog.
             Mangled by a komodo dragon (24 damage)
             ... on level 1 of the Lair of Beasts.
             The game lasted 00:51:55 (7039 turns).

Yurafenix the Protected (Minotaur Fighter)          Turns: 7039, Time: 00:51:56

Health: -13/93     AC: 20    Str: 22    XL:     10   Next: 49%
Magic:  9/9        EV:  8    Int:  5    God:    Trog [**....]
Gold:   448        SH: 12    Dex: 12    Spells: 0 memorised, 9 levels left

rFire  + . .     SeeInvis .     a - +3 long sword
rCold  . . .     Gourm    .     x - +0 plate armour
rNeg   . . .     Faith    +     c - +0 shield
rPois  .         Spirit   .     (helmet restricted)
rElec  .         Reflect  .     m - +0 cloak (curse)
rCorr  .         Harm     .     s - +0 pair of gloves
MR     .....                    i - +1 pair of boots
Stlth  ..........               C - amulet of faith
                                u - +2 ring of evasion
                                J - ring of protection from fire

@: no status effects
A: retaliatory headbutt, horns 2
a: Berserk, Trog's Hand, Burn Spellbooks, Renounce Religion


You were on level 1 of the Lair of Beasts.
You worshipped Trog.
Trog was pleased with you.
You were hungry.

You visited 3 branches of the dungeon, and saw 10 of its levels.

You collected 448 gold pieces.

Inventory:

Hand Weapons
 a - a +3 long sword (weapon)
Armour
 b - a +0 scale mail
 c - a +0 shield (worn)
 i - a +1 pair of boots (worn)
 m - a cursed +0 cloak (worn)
 s - a +0 pair of gloves (worn)
 x - a +0 plate armour (worn)
 E - the +2 leather armour "Loxzaise" {rN+ SInv}
   (You found it on level 5 of the Dungeon)

   It protects you from negative energy.
   It lets you see invisible.
Jewellery
 k - an uncursed ring of flight
 u - a +2 ring of evasion (right hand)
 v - an uncursed ring of wizardry {unknown}
 C - an amulet of faith (around neck)
 J - a ring of protection from fire (left hand)
Wands
 e - a wand of acid (8/15)
Scrolls
 g - a scroll of fog
 h - 2 scrolls of identify
 l - 3 scrolls of remove curse
 o - a scroll of recharging
 w - 2 scrolls of magic mapping
Potions
 d - a potion of might
 f - 2 potions of magic {unknown}
 n - 2 potions of curing
 p - 3 potions of mutation
 z - a potion of invisibility {unknown}
 G - 2 potions of brilliance
Comestibles
 j - 3 beef jerkies
 q - 3 meat rations
 r - 7 slices of pizza
 t - 2 bread rations
 F - 14 fruits


   Skills:
 + Level 9.9 Fighting
 + Level 9.7 Long Blades
 + Level 10.2 Armour
 + Level 10.2 Shields


You had 9 spell levels left.
You didn't know any spells.

Dungeon Overview and Level Annotations

Branches:
Dungeon (8/15)             Temple (1/1) D:4            Lair (1/6) D:8

Altars:
Ashenzari
Cheibriados
Dithmenos
Elyvilon
Fedhas
Gozag
Hepliaklqana
Kikubaaqudgha
Makhleb
Nemelex Xobeh
Okawaru
Qazlal
Ru
Sif Muna
Trog
Uskayaw
Vehumet
Xom
Yredelemnul
Zin
The Shining One

Shops:
D:4 =   D:8 (


Innate Abilities, Weirdness & Mutations

You reflexively headbutt those who attack you in melee.
You have a pair of horns on your head.


Message History

You feel better. You block the komodo dragon's attack.
You slash the komodo dragon!
The komodo dragon is heavily wounded.
You are feeling hungry.
The komodo dragon misses you.
You hit the komodo dragon.
The komodo dragon is heavily wounded.
The komodo dragon completely misses you.
You riposte.
Your plate armour prevents you from hitting the komodo dragon.
You headbutt the komodo dragon, but do no damage.
The komodo dragon is heavily wounded.
You slash the komodo dragon!
The komodo dragon is severely wounded.
The komodo dragon bites you!!
* * * LOW HITPOINT WARNING * * *
You hit the komodo dragon but do no damage.
The komodo dragon is severely wounded.
The komodo dragon bites you!!
You die...

.........##.#
................#
................#
...............# .
#..........#P.##### #
#.###.. #............###
.......###............#.
........#............††.
.......@l...............
P#####.###..............
## #..............
#..............
#....#.......#.
##..###.....##. ####
####PP### ###


You could see a komodo dragon.

Vanquished Creatures
  A hydra (Lair:1)
  Erica (D:8)
  A black mamba (Lair:1)
  2 spiny frogs (Lair:1)
  Prince Ribbit (D:8)
  2 hippogriffs
  4 hogs (D:7)
  A human (D:7)
  A water moccasin (Lair:1)
  An orc warrior (D:7)
  An ice beast (D:6)
  2 sky beasts
  The ghost of Philosophy the Shield-Bearer, an amateur FoFi (D:3)
  An ogre (D:5)
  2 phantoms
  2 centaurs (D:5)
  A crocodile (Lair:1)
  3 bullfrogs
  A wyvern zombie (D:6)
  A scorpion (D:5)
  2 crimson imps
  A howler monkey (D:4)
  A quasit (D:5)
  A centaur zombie (D:3)
  3 hounds
  A bullfrog skeleton (D:5)
  4 orc priests
  A jelly (D:7)
  5 orc wizards
  5 worker ants
  A hound zombie (D:6)
  12 adders
  3 gnolls (D:5)
  A shadow imp (D:8)
  2 oozes
  An adder skeleton (D:4)
  A worm (D:3)
  A dart slug (D:1)
  5 leopard geckos
  16 orcs
  3 giant cockroaches
  10 goblins
  7 hobgoblins
  9 jackals
  9 kobolds
  10 quokkas
  5 bats
  8 frilled lizards
  A jackal zombie (D:8)
  A leopard gecko skeleton (D:5)
  A quokka skeleton (D:8)
  4 rats
165 creatures vanquished.

Notes
Turn   | Place    | Note
-------+----------+-------------------------------------------
     0 | D:1      | Yurafenix the Minotaur Fighter began the quest for the Orb.
     0 | D:1      | Reached XP level 1. HP: 19/19 MP: 0/0
    78 | D:1      | Reached XP level 2. HP: 24/27 MP: 1/1
   224 | D:1      | Reached XP level 3. HP: 31/33 MP: 2/2
   578 | D:2      | Found a snail-covered altar of Cheibriados.
   963 | D:3      | Reached XP level 4. HP: 39/40 MP: 3/3
  1071 | D:3      | Noticed Philosophy's ghost (amateur FoFi)
  1090 | D:3      | Killed Philosophy's ghost
  1090 | D:3      | Reached skill level 5 in Armour
  1090 | D:3      | Reached XP level 5. HP: 35/47 MP: 4/4
  1249 | D:3      | Reached skill level 5 in Shields
  1695 | D:4      | Reached skill level 5 in Fighting
  1695 | D:4      | Reached XP level 6. HP: 56/56 MP: 5/5
  1708 | D:4      | Found Weupsas's Jewellery Emporium.
  1786 | D:4      | Found a staircase to the Ecumenical Temple.
  1791 | Temple   | Entered the Ecumenical Temple
  2448 | D:5      | Entered Level 5 of the Dungeon
  2568 | D:5      | Reached XP level 7. HP: 24/61 MP: 6/6
  2928 | D:5      | Reached skill level 5 in Long Blades
  3049 | D:5      | Got a jewelled leather armour
  3308 | D:5      | Found a shadowy altar of Dithmenos.
  3473 | D:5      | Reached XP level 8. HP: 50/71 MP: 7/7
  3981 | D:5      | Identified the +2 leather armour "Loxzaise" {rN+ SInv} (You found it on level 5 of the Dungeon)
  4432 | D:6      | Found a bloodstained altar of Trog.
  4439 | D:6      | Became a worshipper of Trog the Wrathful
  5288 | D:7      | Found a white marble altar of Elyvilon.
  5420 | D:7      | Noticed a hippogriff
  5429 | D:7      | Killed a hippogriff
  5429 | D:7      | Reached * piety under Trog
  5444 | D:7      | Reached XP level 9. HP: 59/80 MP: 8/8
  6336 | D:8      | Noticed Prince Ribbit
  6352 | D:8      | Killed Prince Ribbit
  6415 | D:8      | Found a basalt altar of Yredelemnul.
  6494 | D:8      | Noticed Erica
  6508 | D:8      | Killed Erica
  6775 | D:8      | Found Nalo's Weapon Shop.
  6807 | D:8      | Found a staircase to the Lair.
  6816 | Lair:1   | Entered Level 1 of the Lair of Beasts
  6845 | Lair:1   | Reached ** piety under Trog
  6845 | Lair:1   | Reached XP level 10. HP: 77/91 MP: 9/9
  6918 | Lair:1   | Noticed a six-headed hydra
  6932 | Lair:1   | Killed an 11-headed hydra
  6977 | Lair:1   | Noticed a black mamba
  6978 | Lair:1   | Noticed a spiny frog
  6983 | Lair:1   | Noticed a spiny frog
  6989 | Lair:1   | Killed a black mamba
  6989 | Lair:1   | Reached skill level 10 in Armour
  6989 | Lair:1   | Reached skill level 10 in Shields
  6997 | Lair:1   | Killed a spiny frog
  7026 | Lair:1   | Killed a spiny frog
  7039 | Lair:1   | Mangled by a komodo dragon

Skill      XL: |  1  2  3  4  5  6  7  8  9 10 |
---------------+-------------------------------+-----
Shields        | 4 5 6 8 9 10 | 10.2
Armour         | 4 5 6 8 9 10 | 10.2
Fighting       | 4 5 6 7 9 |  9.9
Long Blades    | 3 4 5 7 9 |  9.7

Action                   |  1- 3 |  4- 6 |  7- 9 | 10-12 || total
-------------------------+-------+-------+-------+-------++-------
Melee: Long sword        |   134 |   135 |   297 |    46 ||   612
       Headbutt          |    17 |    39 |    70 |    12 ||   138
Invok: Burn Spellbooks   |       |       |     1 |       ||     1
       Berserk           |       |       |       |     1 ||     1
  Use: Scroll            |       |       |    13 |       ||    13
       Potion            |       |       |    10 |     1 ||    11
  Eat: Bread ration      |     1 |     1 |     2 |       ||     4
       Royal jelly       |       |       |     1 |       ||     1
       Beef jerky        |       |       |       |     1 ||     1
Armor: Scale mail        |    79 |    60 |   133 |       ||   272
       Plate armour      |       |       |    18 |    24 ||    42
Dodge: Dodged            |    50 |    32 |   129 |    15 ||   226
Block: Shield            |    86 |    57 |   213 |    35 ||   391
       Rpst.: Long sword |    16 |     9 |    27 |     3 ||    55
